 Dungeon Crawl Stone Soup version 0.19.1-1-g22dce08 (webtiles) character file.

448 Alarkh the Caller (level 6, -1/41 HPs)
             Began as a Mummy Summoner on Jan 9, 2017.
             Was a Follower of Okawaru.
             Slain by a hornet (13 damage)
             ... on level 5 of the Dungeon.
             The game lasted 00:10:21 (5155 turns).

Alarkh the Caller (Mummy Summoner)                  Turns: 5155, Time: 00:10:22

Health: -1/41      AC:  6    Str: 11    XL:     6   Next: 73%
Magic:  3/13       EV: 12    Int: 17    God:    Okawaru [*.....]
Gold:   37         SH:  0    Dex: 12    Spells: 4 memorised, 3 levels left

rFire  . . .     SeeInvis .     w - +0 spear
rCold  + + .     Gourm    .     c - +1 robe {rC+}
rNeg   + + +     Faith    .     (no shield)
rPois  ∞         Spirit   .     (no helmet)
rElec  .         Reflect  .     v - +2 cloak
rCorr  .         Harm     .     (no gloves)
MR     .....                    (no boots)
Stlth  ++........               (no amulet)
                                (no ring)
                                m - ring of protection from fire

@: no status effects
A: no food or potions, fire vulnerability, cold resistance 1, negative energy
resistance 3, torment resistance, unbreathing
a: Heroism, Renounce Religion


You were on level 5 of the Dungeon.
You worshipped Okawaru.
Okawaru was aware of your devotion.
You were not hungry.

You visited 1 branch of the dungeon, and saw 5 of its levels.
You also visited: Sewer.

You collected 205 gold pieces.
You spent 168 gold pieces at shops.

Inventory:

Hand Weapons
 a - a +2 vampiric short sword
 b - a +1 dagger of venom
 g - a +0 mace
 n - a +0 quarterstaff
 w - a +0 spear (weapon)
 y - a +4 quarterstaff of chaos
Armour
 c - a +1 robe of cold resistance (worn)
 h - a +0 robe
 v - a +2 cloak (worn)
Jewellery
 m - a ring of protection from fire (left hand)
Wands
 o - a wand of iceblast (7/15)
 s - a wand of disintegration (9/24)
 x - a wand of acid (2/15)
Scrolls
 d - a scroll of magic mapping
 e - a scroll of identify
 f - 2 scrolls of random uselessness
 i - a scroll of amnesia
 j - a scroll of teleportation
 k - 3 scrolls of fog
 l - 4 scrolls of remove curse
 q - a scroll of blinking {unknown}
 r - a scroll of fear
 t - a scroll of noise {unknown}
 u - a scroll of acquirement {unknown}
Books
 p - a book of Callings

   Spells                             Type                      Level
   a - Summon Small Mammal            Summoning                    1
   b - Call Imp                       Summoning                    2
   c - Call Canine Familiar           Summoning                    3
   d - Summon Guardian Golem          Hexes/Summoning              3
   e - Summon Lightning Spire         Summoning/Air                4
   f - Summon Ice Beast               Ice/Summoning                4


   Skills:
 + Level 0.2 Polearms
 - Level 1.5 Dodging
 - Level 1.5 Stealth
 + Level 4.7 Spellcasting
 + Level 5.4 Summonings


You had 3 spell levels left.
You knew the following spells:

 Your Spells              Type           Power        Failure   Level  Hunger
a - Call Canine Familiar  Summ           ###.....     6%          3    N/A
b - Summon Small Mammal   Summ           ###.         1%          1    N/A
c - Summon Guardian Gole  Hex/Summ       ##......     17%         3    N/A
d - Summon Ice Beast      Ice/Summ       ##......     58%         4    N/A

Dungeon Overview and Level Annotations

Branches:
Dungeon (5/15)
 Temple: D:4-7

Altars:
Elyvilon
Okawaru
Ru

Shops:
D:5 *


Innate Abilities, Weirdness & Mutations

You do not eat or drink.
Your flesh is vulnerable to fire.
You are immune to poison.
Your flesh is cold resistant. (rC+)
You are immune to negative energy. (rN+++)
You are immune to unholy pain and torment.
You can survive without breathing.


Message History

What are your orders? t - Shout!
Orders for allies: a - Attack new target. r - Retreat! s - Stop attacking. g - Guard the area. f - Follow me.
Anything else - Cancel.
Gang up on whom?
Press: ? - help, Dir - move target cursor, f - hornet
Aim: a hornet (lightly wounded) Attack!
The hornet stings your guardian golem. The hornet stings your guardian golem!
Your guardian golem is destroyed!
Casting: Summon Guardian Golem
Confirm with . or Enter, or press ? or * to list all spells.
A guardian golem appears, shielding your allies.
The orc priest invokes the aid of Beogh against you.
Beogh smites you!
* * * LOW HITPOINT WARNING * * *
The hornet stings you!
You die...

...##
#.#....##.
#oo#
#.#.>..##. #.#
####.#....##.
#.#
#....#^...##.
#.#
#....#....##.
#o###
##.[..##.####.
#o).##
###....###.#
#. ###..##
###...#### #.#
#( ##..#
###@8.### #.#
#.
##.###.y.###
#<# #.
#o.o..###
#.####'
#######
#..#...
##)#... #)#...
#)#...
###.....
#......>


You could see a hornet, an orc priest and a friendly guardian golem.

Vanquished Creatures
  A howler monkey (D:4)
  Ijyb (D:2)
  An orc wizard (D:4)
  A worker ant (D:4)
  A gnoll (D:5)
  6 adders
  3 river rats (Sewer)
  An ooze (D:2)
  An adder skeleton (D:4)
  A worm (D:3)
  3 dart slugs
  5 leopard geckos
  6 giant cockroaches
  7 goblins
  A hobgoblin (D:2)
  3 jackals (D:4)
  5 quokkas
  4 ball pythons
  8 bats
  10 frilled lizards
  4 kobolds
  12 rats
  A fungus (D:2)
86 creatures vanquished.

Vanquished Creatures (collateral kills)
  The ghost of Atlantean the Covered, an amateur GrFi (D:4)
  An iguana (D:5)
  Crazy Yiuf (D:2)
  Natasha (D:4)
  An orc wizard (D:5)
  2 gnolls (D:5)
  An adder skeleton (D:5)
  A worm (D:3)
  6 orcs
  A ball python (D:3)
  A giant cockroach (D:3)
  A hobgoblin (D:2)
  2 bats (D:2)
  2 frilled lizards
  2 kobolds
  2 rats
26 creatures vanquished.

Vanquished Creatures (others)
  9 fungi (D:5)
9 creatures vanquished.

Grand Total: 121 creatures vanquished

Notes
Turn   | Place    | Note
-------+----------+-------------------------------------------
     0 | D:1      | Alarkh the Mummy Summoner began the quest for the Orb.
     0 | D:1      | Reached XP level 1. HP: 13/13 MP: 3/3
   898 | D:2      | Reached XP level 2. HP: 17/19 MP: 3/5
  1044 | D:2      | Found a white marble altar of Elyvilon.
  1292 | D:2      | Noticed Ijyb
  1319 | D:2      | Killed Ijyb
  1319 | D:2      | Reached XP level 3. HP: 20/24 MP: 5/7
  1324 | D:2      | Learned a level 3 spell: Call Canine Familiar
  1389 | D:2      | Reached skill level 4 in Summonings
  1507 | D:2      | Found a sacrificial altar of Ru.
  1904 | D:3      | Reached XP level 4. HP: 30/30 MP: 8/8
  1960 | D:3      | HP: 1/30 [kobold (3)]
  1983 | D:3      | Learned a level 3 spell: Summon Guardian Golem
  2274 | D:3      | Found a glowing drain.
  2324 | Sewer    | Entered a sewer
  3054 | D:3      | Reached XP level 5. HP: 34/35 MP: 10/10
  3780 | D:2      | Found a runed door.
  3785 | D:2      | Noticed Crazy Yiuf
  3839 | D:2      | Killed Crazy Yiuf
  4011 | D:4      | Noticed Atlantean's ghost (amateur GrFi)
  4136 | D:4      | Noticed Natasha
  4151 | D:4      | Killed Natasha
  4386 | D:4      | Reached skill level 5 in Summonings
  4386 | D:4      | Reached XP level 6. HP: 37/41 MP: 12/12
  4392 | D:4      | Learned a level 4 spell: Summon Ice Beast
  4428 | D:4      | Found an iron altar of Okawaru.
  4435 | D:4      | Became a worshipper of Warmaster Okawaru
  4657 | D:4      | Killed Atlantean's ghost
  4657 | D:4      | Reached * piety under Okawaru
  4843 | D:5      | Entered Level 5 of the Dungeon
  4845 | D:5      | Found Yjoqoyva's Assorted Antiques.
  4853 | D:5      | Bought a sharpened copper wand for 112 gold pieces
  4853 | D:5      | Bought a scroll labeled GUPAFANUAM for 28 gold pieces
  4853 | D:5      | Bought a scroll labeled JAFEAS ATHEPOA for 28 gold pieces
  5132 | D:5      | Noticed a hornet
  5155 | D:5      | Slain by a hornet

Skill      XL: |  1  2  3  4  5 |
---------------+----------------+-----
Summonings     | 4 5 |  5.4
Spellcasting   | 3 4 |  4.7
Polearms       | |  0.2
Dodging        | |  1.5
Stealth        | |  1.5

Action                   |  1- 3 |  4- 6 || total
-------------------------+-------+-------++-------
Melee: Unarmed           |    18 |       ||    18
       Mace              |    17 |       ||    17
       Short sword       |    24 |       ||    24
       Dagger            |    14 |   228 ||   242
       Spear             |       |    21 ||    21
 Cast: Summon Small Mamm |    26 |     3 ||    29
       Call Canine Famil |       |    20 ||    20
       Summon Guardian G |       |     9 ||     9
  Use: Scroll            |     4 |     7 ||    11
 Stab: Sleeping          |     3 |     9 ||    12
       Distracted        |       |     1 ||     1
Armor: Robe              |    15 |    37 ||    52
Dodge: Dodged            |    56 |   144 ||   200
